 Dungeon Crawl Stone Soup version 0.26.1-11-gd32895ea62 (webtiles) character file.

Game seed: 7770160564376870088

108577 jlumianski the Thaumaturge (level 16, 0/127 HPs)
             Began as a Gnoll Warper on Apr 30, 2021.
             Was the Champion of Okawaru.
             Slain by a goliath frog (21 damage)
             ... on level 1 of the Swamp on May 1, 2021.
             The game lasted 04:21:27 (35662 turns).

jlumianski the Thaumaturge (Gnoll Warper)          Turns: 35662, Time: 04:21:27

Health: 0/127      AC: 13    Str: 14    XL:     16   Next: 50%
Magic:  31/31      EV: 22    Int: 23    God:    Okawaru [******]
Gold:   1288       SH:  0    Dex: 16    Spells: 16/38 levels left

rFire    + + +     SeeInvis .   B - +7 war axe of Wumir {speed, rF+++}
rCold    . . .     Faith    .   (no shield)
rNeg     . . .     Spirit   .   v - +2 ring mail {rPois}
rPois    +         Reflect  .   k - +2 hat
rElec    .         Harm     .   C - +2 cloak
rCorr    .         Rampage  .   y - +2 pair of gloves
Will     ++...                  J - +1 pair of boots {Fly}
Stlth    ++++......             U - amulet of regeneration
HPRegen  0.71/turn              c - +4 ring of evasion
MPRegen  0.22/turn              g - ring of willpower

@: corroded, flying
A: distributed training, fangs 1, horns 1, clever 1, strong nose
a: Stop Flying, Renounce Religion, Heroism, Finesse


You were on level 1 of the Swamp.
You worshipped Okawaru.
Okawaru was exalted by your worship.
You visited 5 branches of the dungeon, and saw 25 of its levels.
You also visited: Volcano.

You collected 2853 gold pieces.
You spent 1565 gold pieces at shops.

Inventory:

Hand Weapons
 t - a +2 broad axe of flaming
 B - the +7 war axe of Wumir (weapon) {speed, rF+++}
   (You took it off a kobold on level 12 of the Dungeon)

   Attacks with this weapon are significantly faster.
   It renders you almost immune to fire.
 O - the +5 scythe "Finisher" {speed, eviscerate}
   (You found it on level 7 of the Dungeon)

   Attacks with this weapon are significantly faster.
Missiles
 a - 18 boomerangs (quivered)
 e - 5 boomerangs of dispersal
 n - 53 poisoned darts
Armour
 b - the +1 pair of boots "Safa" {rElec rC+}
   (You found it on level 14 of the Dungeon)

   It protects you from cold.
   It insulates you from electricity.
 k - a +2 hat (worn)
 v - a +2 ring mail of poison resistance (worn)
 y - a +2 pair of gloves (worn)
 C - a +2 cloak (worn)
 J - a +1 pair of boots of flying (worn)
Jewellery
 c - a +4 ring of evasion (left hand)
 g - a ring of willpower (right hand)
 h - an uncursed ring of resist corrosion
 p - an uncursed amulet of reflection
 r - the ring of Fait {+Fly rElec rN+++ MP+9 Int-5}
   (You acquired it on level 15 of the Dungeon)

   [ring of magical power]

   It affects your intelligence (-5).
   It insulates you from electricity.
   It renders you almost immune to negative energy.
   It affects your magic capacity (+9).
   It lets you fly.
 D - an uncursed ring of see invisible
 I - an uncursed ring of positive energy
 P - an uncursed ring of protection from cold
 U - an amulet of regeneration (around neck)
Wands
 x - a wand of enslavement (11)
 M - a wand of acid (16)
 R - a wand of iceblast (32)
Scrolls
 f - 2 scrolls of magic mapping
 m - 10 scrolls of teleportation
 o - 4 scrolls of fear
 q - 3 scrolls of blinking
 s - 8 scrolls of remove curse
 u - a scroll of fog
 z - a scroll of amnesia
 S - a scroll of holy word
Potions
 d - 2 potions of brilliance
 i - 9 potions of curing
 j - a potion of heal wounds
 l - 5 potions of flight
 w - 2 potions of berserk rage
 F - 4 potions of might
 K - a potion of cancellation
 N - 2 potions of invisibility
 V - 2 potions of resistance
Miscellaneous
 E - a condenser vane
 G - a lightning rod (3/4)
 L - a phial of floods


   Skills:
 + Level 11.6 Fighting
 + Level 10.8 Short Blades
 + Level 10.8 Long Blades
 + Level 11.6 Axes
 + Level 10.8 Maces & Flails
 + Level 10.8 Polearms
 + Level 10.8 Staves
 + Level 10.8 Slings
 + Level 10.8 Bows
 + Level 10.8 Crossbows
 + Level 11.1 Throwing
 + Level 11.1 Armour
 + Level 11.6 Dodging
 + Level 10.8 Stealth
 + Level 10.8 Shields
 + Level 10.8 Unarmed Combat
 + Level 11.8 Spellcasting
 + Level 9.2 Conjurations
 + Level 9.2 Hexes
 + Level 9.2 Summonings
 + Level 9.2 Necromancy
 + Level 10.6 Translocations
 + Level 9.2 Transmutations
 + Level 9.2 Fire Magic
 + Level 9.2 Ice Magic
 + Level 9.2 Air Magic
 + Level 9.2 Earth Magic
 + Level 9.2 Poison Magic
 + Level 11.7 Invocations
 + Level 10.8 Evocations


You had 16 spell levels left.
You knew the following spells:

 Your Spells              Type           Power        Failure   Level
a - Blink                 Tloc           N/A          1%          2
b - Gell's Gravitas       Tloc           29%          1%          3
c - Dazzling Flash        Conj/Hex       100%         1%          3
d - Mephitic Cloud        Conj/Pois/Air  54%          1%          3
e - Ignite Poison         Fire/Tmut/Pois 54%          1%          3
f - Iskenderun's Mystic   Conj/Tloc      56%          1%          4
g - Olgreb's Toxic Radia  Pois           54%          1%          4

Your spell library contained the following spells:

 Spells                   Type           Power        Failure   Level
 Corona                   Hex            60%          1%          1
 Magic Dart               Conj           100%         1%          1
 Sting                    Tmut/Pois      100%         1%          1
 Ensorcelled Hibernation  Hex/Ice        100%         1%          2
 Poisonous Vapours        Pois/Air       100%         1%          2
 Searing Ray              Conj           100%         1%          2
 Confusing Touch          Hex            54%          1%          3
 Lesser Beckoning         Tloc           29%          1%          3
 Teleport Other           Tloc           58%          1%          3
 Tukima's Dance           Hex            54%          1%          3
 Cause Fear               Hex            27%          1%          4
 Fulminant Prism          Conj/Hex       27%          1%          4
 Passage of Golubria      Tloc           N/A          1%          4
 Petrify                  Tmut/Erth      54%          1%          4
 Irradiate                Conj/Tmut      27%          4%          5
 Metabolic Englaciation   Hex/Ice        27%          4%          5
 Silence                  Hex/Air        27%          4%          5
 Yara's Violent Unravell  Hex/Tmut       27%          4%          5
 Hydra Form               Tmut           27%          28%         6
 Statue Form              Tmut/Erth      36%          28%         6
 Dragon Form              Tmut           27%          83%         7
 Discord                  Hex            27%          100%        8


Dungeon Overview and Level Annotations

Branches:
Dungeon (15/15)            Temple (1/1) D:4            Lair (6/6) D:8
  Swamp (1/4) Lair:2       Spider (0/4) Lair:2        Slime (0/5) Lair:6
    Orc (2/2) D:10            Elf (0/3) Orc:2        Vaults (0/5) D:14
 Depths (0/5) D:15        Volcano (visited)

Altars:
Ashenzari
Cheibriados
Dithmenos
Elyvilon
Fedhas
Gozag
Hepliaklqana
Kikubaaqudgha
Makhleb
Nemelex Xobeh
Okawaru
Qazlal
Ru
Sif Muna
Trog
Uskayaw
Vehumet
Wu Jian
Xom
Yredelemnul
Zin
The Shining One
Beogh

Shops:
D:4 (   D:13 *   Orc:2 }![!*

Portals:
Trove: D:13 (give +5 demon blade)

Annotations:
D:8 3 runed translucent doors, Shadow29844's ghost, novice MiFi


Innate Abilities, Weirdness & Mutations

Your experience applies equally to all skills.
You have very sharp teeth.
Your uncanny sense of smell can sniff out nearby items.
You have a pair of small horns on your head.
Your mind is acute. (Int +2)


Message History

a +0 quarterstaff; a +0 robe You hit the goliath frog.
You headbutt the goliath frog.
The goliath frog is lightly wounded.
You hit the goliath frog. Your headbutt misses the goliath frog.
Your bite misses the goliath frog.
The goliath frog is moderately wounded.
The goliath frog hits you! The acid corrodes you!
You are splashed with acid!
You slash the goliath frog! Your bite misses the goliath frog.
The goliath frog is heavily wounded.
The goliath frog hits you!!
* * * LOW HITPOINT WARNING * * *
The acid corrodes you!
You are splashed with acid!
* * * LOW HITPOINT WARNING * * *
You slash the goliath frog! Your headbutt misses the goliath frog.
You bite the goliath frog, but do no damage.
The goliath frog is severely wounded.
The goliath frog misses you. The goliath frog closely misses you.
The goliath frog barely misses you. The goliath frog hits you from afar!!
You die...

♣♣....≈♣.≈♣..§♣♣♣ ♣♣..≈..♣≈≈≈≈.
♣♣.≈≈♣..♣≈...≈.♣♣♣≈.≈≈≈..≈♣♣♣†
♣♣♣♣..≈.♣≈..♣♣.≈≈≈.♣≈..≈≈≈.......
♣≈.≈♣♣♣♣♣...≈≈.≈≈≈.≈♣♣♣.≈.♣♣.....
≈..♣♣ ♣.≈≈....≈≈≈.♣♣♣≈≈♣♣.≈≈≈≈♣
.≈≈♣ ♣.≈≈.≈≈≈≈≈≈...♣♣♣♣≈>≈§≈..
...♣♣♣♣♣♣...≈≈≈≈≈≈≈...♣ ♣..≈≈≈..
♣♣♣♣♣≈♣♣.§≈≈≈≈≈.≈>....♣ ♣♣.≈≈≈≈.
♣♣♣♣♣≈≈.≈≈≈§≈..≈@.≈≈≈.♣♣♣♣♣.≈≈≈§≈
♣...≈...≈≈≈≈....≈.≈≈≈...♣♣.....≈≈
.≈≈≈.....≈≈≈.≈≈≈≈F≈≈≈...≈♣♣♣♣≈♣≈≈
≈≈≈≈≈.....≈≈.≈....)♣♣♣♣≈♣♣ ♣♣♣..
.≈≈≈§≈≈.♣≈.......)≈.♣..♣♣ ♣♣..
.≈≈≈≈≈.♣♣.....≈≈§≈≈.♣♣♣♣ ♣≈.≈
≈....≈♣♣♣≈≈..§≈≈≈≈≈♣♣ ♣♣♣..≈
♣(....♣♣♣≈≈♣...≈..♣♣ ♣≈.≈..
≈≈≈....♣§≈.♣..≈≈≈.♣♣♣ ♣♣.≈≈≈≈


You could see a goliath frog (strong).

Vanquished Creatures
  A red draconian (Volcano)
  An ettin (Orc:2)
  An eleionoma (Swamp:1)
  A fire dragon (Lair:6)
  2 ogre magi (Orc:2)
  2 boulder beetles
  Erolcha (Orc:2)
  A death knight (D:13)
  8 vault guards
  A centaur warrior (Volcano)
  12 hydras
  9 two-headed ogres
  3 alligators (Swamp:1)
  A tengu warrior (D:15)
  6 death yaks
  Nergalle (D:10)
  A spriggan (Swamp:1)
  2 goliath frogs (Swamp:1)
  2 spriggan druids (Swamp:1)
  A skeletal warrior (D:13)
  A swamp dragon (Swamp:1)
  2 bog bodies (Swamp:1)
  A lindwurm (Lair:6)
  A wolf spider zombie (D:14)
  3 wizards
  A wolf spider (D:14)
  3 deep elf magi
  An orc knight (Orc:2)
  A manticore (D:15)
  7 orc sorcerers (Orc:2)
  A will-o-the-wisp (Swamp:1)
  A faun (shapeshifter) (D:15)
  11 ugly things
  3 cyclopes
  A salamander (D:15)
  4 centaur zombies
  2 gargoyles
  Joseph (D:8)
  5 elephants
  Maggie (D:10)
  7 black mambas
  19 cane toads
  3 molten gargoyles (Lair:6)
  A freezing wraith (D:13)
  A rime drake (Lair:4)
  20 komodo dragons
  2 efreet
  2 kobold demonologists
  A tengu conjurer (D:14)
  6 trolls
  2 polar bears
  A harpy zombie (D:15)
  2 bloated husks (Swamp:1)
  A queen bee (shapeshifter) (D:13)
  2 tyrant leeches (Swamp:1)
  A raiju (shapeshifter) (D:15)
  8 blink frogs
  2 hornets
  4 slime creatures
  5 dream sheep (Lair:6)
  3 shadows
  A water elemental (D:14)
  8 wyverns
  66 yaks
  2 fire bats (Orc:1)
  6 wraiths
  A vampire (D:13)
  3 basilisks
  2 steam dragons (Lair:6)
  13 vampire mosquitoes
  2 wargs
  3 swamp worms (Swamp:1)
  2 soldier ants
  2 acid dragons
  2 hell hounds (Lair:6)
  11 water moccasins
  4 black bears
  20 orc warriors
  3 ice beasts
  A necrophage (D:9)
  6 sky beasts
  3 phantoms
  12 wolves
  An eye of draining (D:14)
  11 ogres
  20 centaurs
  4 big kobolds
  16 bullfrogs
  2 gnoll sergeants
  6 scorpions
  4 howler monkeys
  11 wights
  5 electric eels
  A crimson imp (D:12)
  5 lava snakes (Lair:6)
  A quasit (D:13)
  A bullfrog zombie (D:12)
  7 hounds
  7 jellies
  10 orc priests
  4 centaur skeletons
  39 orc wizards
  2 iguanas
  11 worker ants
  A hound zombie (D:6)
  2 hound skeletons
  A worker ant zombie (D:9)
  17 gnolls
  9 adders
  2 shadow imps
  3 white imps
  An ufetubus (D:8)
  4 oozes
  An adder zombie (D:9)
  An adder skeleton (D:4)
  6 worms
  A dart slug (D:2)
  3 leopard geckos
  62 orcs
  2 ball pythons
  6 giant cockroaches
  7 goblins
  7 hobgoblins
  4 jackals (D:3)
  12 kobolds
  8 quokkas
  10 bats
  A frilled lizard (D:4)
  A giant cockroach zombie (D:6)
  A jackal skeleton (D:8)
  3 leopard gecko skeletons (D:5)
  A leopard gecko zombie (D:7)
  A quokka skeleton (D:4)
  5 rats
  2 plants (D:8)
727 creatures vanquished.

Vanquished Creatures (others)
  An orc (D:10)
  3 foxfires (Swamp:1)
  21 fungi
  49 plants
74 creatures vanquished.

Grand Total: 801 creatures vanquished

Notes
Turn   | Place    | Note
-------+----------+-------------------------------------------
     0 | D:1      | jlumianski the Gnoll Warper began the quest for the Orb.
     0 | D:1      | Reached XP level 1. HP: 20/20 MP: 6/6
   290 | D:1      | Reached XP level 2. HP: 26/26 MP: 7/7
   392 | D:1      | Learned a level 2 spell: Blink
   705 | D:1      | Reached XP level 3. HP: 31/31 MP: 9/9
   709 | D:1      | Learned a level 3 spell: Gell's Gravitas
  1012 | D:1      | Reached skill level 5 in Spellcasting
  1227 | D:2      | Reached skill level 1 in Invocations
  1325 | D:2      | Found a blossoming altar of Fedhas.
  1346 | D:2      | Reached skill level 1 in Short Blades
  1346 | D:2      | Reached skill level 1 in Long Blades
  1346 | D:2      | Reached skill level 1 in Maces & Flails
  1346 | D:2      | Reached skill level 1 in Polearms
  1346 | D:2      | Reached skill level 1 in Staves
  1346 | D:2      | Reached skill level 1 in Slings
  1346 | D:2      | Reached skill level 1 in Bows
  1346 | D:2      | Reached skill level 1 in Crossbows
  1346 | D:2      | Reached skill level 1 in Stealth
  1346 | D:2      | Reached skill level 1 in Shields
  1346 | D:2      | Reached skill level 1 in Unarmed Combat
  1346 | D:2      | Reached skill level 1 in Evocations
  1409 | D:2      | Reached XP level 4. HP: 28/38 MP: 11/11
  1897 | D:2      | Reached skill level 1 in Conjurations
  1897 | D:2      | Reached skill level 1 in Hexes
  1897 | D:2      | Reached skill level 1 in Summonings
  1897 | D:2      | Reached skill level 1 in Necromancy
  1897 | D:2      | Reached skill level 1 in Transmutations
  1897 | D:2      | Reached skill level 1 in Fire Magic
  1897 | D:2      | Reached skill level 1 in Ice Magic
  1897 | D:2      | Reached skill level 1 in Air Magic
  1897 | D:2      | Reached skill level 1 in Earth Magic
  1897 | D:2      | Reached skill level 1 in Poison Magic
  2413 | D:3      | Found a faded altar of an unknown god.
  2575 | D:3      | Reached XP level 5. HP: 43/43 MP: 12/12
  2767 | D:3      | Gained mutation: You occasionally shout uncontrollably at
                  | your foes. [potion of mutation]
  2767 | D:3      | Gained mutation: Scrolls take you a little longer to read.
                  | [potion of mutation]
  2767 | D:3      | Gained mutation: You are agile. (Dex +2) [potion of
                  | mutation]
  2768 | D:3      | Lost mutation: Scrolls take you a little longer to read.
                  | [potion of mutation]
  2768 | D:3      | Lost mutation: You occasionally shout uncontrollably at
                  | your foes. [potion of mutation]
  2768 | D:3      | Lost mutation: You are agile. (Dex +2) [potion of mutation]
  2768 | D:3      | Gained mutation: You have a pair of small horns on your
                  | head. [potion of mutation]
  2768 | D:3      | Gained mutation: Your mind is acute. (Int +2) [potion of
                  | mutation]
  3266 | D:4      | Noticed an ogre
  3278 | D:4      | Killed an ogre
  3279 | D:4      | Reached XP level 6. HP: 50/50 MP: 14/14
  3339 | D:4      | Found a hide-covered altar of Uskayaw.
  3437 | D:4      | Got a slimy robe
  3438 | D:4      | Identified the +0 robe "Gouts" {Dex+3} (You found it on
                  | level 4 of the Dungeon)
  3457 | D:4      | Found a staircase to the Ecumenical Temple.
  3470 | D:4      | Reached skill level 5 in Fighting
  3470 | D:4      | Reached skill level 5 in Axes
  3470 | D:4      | Reached skill level 5 in Dodging
  3475 | Temple   | Entered the Ecumenical Temple
  3904 | Temple   | Became a worshipper of Warmaster Okawaru
  3986 | D:4      | Got a polished long sword
  4003 | D:4      | Identified the +5 long sword of Accord {freeze, rC+ Int-4
                  | Dex+7} (You found it on level 4 of the Dungeon)
  4179 | D:4      | Found Echoelusyo's Antique Weapon Shop.
  4227 | D:5      | Entered Level 5 of the Dungeon
  4238 | D:5      | Noticed a phantom
  4260 | D:5      | Killed a phantom
  4697 | D:5      | Reached XP level 7. HP: 44/56 MP: 15/15
  4943 | D:5      | Reached * piety under Okawaru
  4954 | D:5      | HP: 2/56 [gnoll sergeant/+3 trident of flaming (1)]
  5538 | D:5      | Found an opulent altar of Gozag.
  5575 | D:5      | Noticed a two-headed ogre
  5584 | D:5      | Killed a two-headed ogre
  5584 | D:5      | Reached ** piety under Okawaru
  5584 | D:5      | Reached *** piety under Okawaru
  5585 | D:5      | Reached XP level 8. HP: 64/64 MP: 15/17
  6256 | D:6      | Reached XP level 9. HP: 63/69 MP: 12/18
  6742 | D:6      | Found an ornate altar of the Wu Jian Council.
  6857 | D:6      | Found a shimmering blue altar of Sif Muna.
  6857 | D:6      | Found a hazy altar of Hepliaklqana.
  7067 | D:7      | You fall into a shaft and drop 1 floor!
  7117 | D:7      | Learned a level 3 spell: Dazzling Flash
  7184 | D:7      | Reached **** piety under Okawaru
  7297 | D:8      | Learned a level 3 spell: Mephitic Cloud
  7301 | D:8      | Learned a level 3 spell: Ignite Poison
  7454 | D:7      | Reached skill level 5 in Throwing
  7454 | D:7      | Reached skill level 5 in Armour
  7828 | D:7      | Found the +5 scythe "Finisher" {speed, eviscerate}
  8193 | D:8      | Noticed Joseph
  8196 | D:8      | Killed Joseph
  8196 | D:8      | Received a gift from Okawaru
  8197 | D:8      | Reached skill level 5 in Invocations
  8325 | D:8      | Found a runed translucent gate.
  8325 | D:8      | Found a runed translucent gate.
  8326 | D:8      | Found a runed translucent gate.
  8327 | D:8      | Noticed Shadow29844's ghost (novice MiFi)
  8455 | D:9      | Noticed a two-headed ogre
  8471 | D:8      | Killed a two-headed ogre
  8471 | D:8      | Reached ***** piety under Okawaru
  8472 | D:8      | Reached skill level 5 in Short Blades
  8472 | D:8      | Reached skill level 5 in Long Blades
  8472 | D:8      | Reached skill level 5 in Maces & Flails
  8472 | D:8      | Reached skill level 5 in Polearms
  8472 | D:8      | Reached skill level 5 in Staves
  8472 | D:8      | Reached skill level 5 in Slings
  8472 | D:8      | Reached skill level 5 in Bows
  8472 | D:8      | Reached skill level 5 in Crossbows
  8472 | D:8      | Reached skill level 5 in Stealth
  8472 | D:8      | Reached skill level 5 in Shields
  8472 | D:8      | Reached skill level 5 in Unarmed Combat
  8472 | D:8      | Reached skill level 5 in Evocations
  8472 | D:8      | Reached XP level 10. HP: 66/77 MP: 11/20
  8712 | D:8      | Found a staircase to the Lair.
  9099 | D:9      | Received a gift from Okawaru
  9830 | D:9      | Received a gift from Okawaru
  9982 | D:10     | Entered Level 10 of the Dungeon
 10094 | D:10     | Noticed Nergalle
 10107 | D:10     | Killed Nergalle
 10112 | D:10     | Noticed Maggie
 10301 | D:10     | Killed Maggie
 10456 | D:10     | Reached XP level 11. HP: 82/84 MP: 15/22
 10527 | D:10     | Found a staircase to the Orcish Mines.
 10910 | D:10     | Reached skill level 5 in Conjurations
 10910 | D:10     | Reached skill level 5 in Hexes
 10910 | D:10     | Reached skill level 5 in Summonings
 10910 | D:10     | Reached skill level 5 in Necromancy
 10910 | D:10     | Reached skill level 5 in Transmutations
 10910 | D:10     | Reached skill level 5 in Fire Magic
 10910 | D:10     | Reached skill level 5 in Ice Magic
 10910 | D:10     | Reached skill level 5 in Air Magic
 10910 | D:10     | Reached skill level 5 in Earth Magic
 10910 | D:10     | Reached skill level 5 in Poison Magic
 11717 | Orc:1    | Entered Level 1 of the Orcish Mines
 11717 | Orc:1    | Noticed a two-headed ogre
 11734 | D:10     | Killed a two-headed ogre
 11769 | Orc:1    | Found a dark tunnel.
 11817 | Volcano  | Entered a volcano
 11881 | Volcano  | Noticed a centaur warrior
 11882 | Volcano  | Identified the +6 dagger of Pylirph {venom, rF+ Int+4}
 11893 | Volcano  | Killed a centaur warrior
 11916 | Volcano  | Noticed a red draconian
 11928 | Volcano  | Killed a red draconian
 12216 | Orc:1    | Noticed a cyclops
 12227 | Orc:1    | Killed a cyclops
 13029 | Orc:2    | Entered Level 2 of the Orcish Mines
 13062 | Orc:2    | Found a staircase to the Elven Halls.
 13228 | Orc:2    | Received a gift from Okawaru
 13353 | Orc:2    | Noticed an orc knight
 13364 | Orc:2    | Killed an orc knight
 13387 | Orc:2    | Reached XP level 12. HP: 39/94 MP: 14/24
 13775 | Lair:1   | Entered Level 1 of the Lair of Beasts
 14046 | Orc:2    | Found Caev's Assorted Antiques.
 14063 | Orc:2    | Noticed an ettin
 14126 | Orc:2    | HP: 4/94 [ettin/+0 dire flail (30)]
 14127 | Orc:2    | HP: 1/94 [ettin/+0 dire flail (3)]
 14129 | Orc:2    | Killed an ettin
 14129 | Orc:2    | Received a gift from Okawaru
 14872 | Orc:2    | Received a gift from Okawaru
 14881 | Orc:2    | Noticed a soul eater
 15203 | Orc:2    | Noticed an ogre mage
 15225 | Orc:2    | Killed an ogre mage
 15225 | Orc:2    | Received a gift from Okawaru
 15557 | Orc:2    | Found Neymol's Distillery.
 15573 | Orc:2    | Bought a potion of heal wounds for 75 gold pieces
 15586 | Orc:2    | Found an ancient bone altar of Kikubaaqudgha.
 15670 | Orc:2    | Noticed a soul eater
 15965 | Orc:2    | Noticed an ogre mage
 15976 | Orc:2    | Found a radiant altar of Vehumet.
 15976 | Orc:2    | Noticed Erolcha
 15988 | Orc:2    | Killed Erolcha
 15988 | Orc:2    | Received a gift from Okawaru
 15991 | Orc:2    | Killed an ogre mage
 16113 | Orc:2    | Received a gift from Okawaru
 16182 | Orc:2    | Found a roughly hewn altar of Beogh.
 16182 | Orc:2    | Found Bantot's Distillery.
 16182 | Orc:2    | Received a gift from Okawaru
 16183 | Orc:2    | Found Xakkuoqast's Antique Armour Shop.
 16200 | Orc:2    | Found Avedd's Gadget Boutique.
 16392 | Orc:2    | Bought a blackened emerald ring for 170 gold pieces
 16392 | Orc:2    | Bought a knobbly iron ring for 170 gold pieces
 16392 | Orc:2    | Bought a gilded ring for 170 gold pieces
 16509 | Orc:2    | Bought a condenser vane for 560 gold pieces
 16509 | Orc:2    | Bought a lightning rod (4/4) for 420 gold pieces
 16837 | Lair:1   | Noticed a seven-headed hydra
 17077 | Lair:1   | Killed a five-headed hydra
 17369 | Lair:1   | Reached XP level 13. HP: 101/101 MP: 13/26
 18817 | D:8      | Learned a level 4 spell: Iskenderun's Mystic Blast
 19043 | Lair:1   | Received a gift from Okawaru
 19139 | Lair:2   | Reached ****** piety under Okawaru
 19255 | Lair:2   | Received a gift from Okawaru
 19258 | Lair:2   | Got a jewelled arbalest {god gift}
 19259 | Lair:2   | Identified the +2 arbalest of Classification {penet, Dex+3}
                  | (Okawaru gifted it to you on level 2 of the Lair of Beasts)
 19603 | Lair:2   | You fall into a shaft and drop 2 floors!
 20372 | Lair:4   | Learned a level 4 spell: Olgreb's Toxic Radiance
 20431 | Lair:2   | Reached skill level 10 in Spellcasting
 20635 | Lair:2   | Found a hole to the Spider Nest.
 21374 | Lair:1   | Received a gift from Okawaru
 21514 | Lair:2   | Found a staircase to the Swamp.
 21694 | Lair:2   | Reached XP level 14. HP: 101/109 MP: 28/28
 21805 | Lair:2   | Reached skill level 10 in Fighting
 21805 | Lair:2   | Reached skill level 10 in Axes
 21805 | Lair:2   | Reached skill level 10 in Dodging
 21808 | Lair:2   | Received a gift from Okawaru
 24637 | Lair:6   | Entered Level 6 of the Lair of Beasts
 25027 | Lair:5   | Reached skill level 10 in Invocations
 26002 | Lair:5   | Received a gift from Okawaru
 26005 | Lair:5   | Got a faintly glowing longbow {god gift}
 26006 | Lair:5   | Identified the +2 longbow "Calebb" {flame, Stlth+} (Okawaru
                  | gifted it to you on level 5 of the Lair of Beasts)
 26386 | Lair:6   | Found a staircase to the Slime Pits.
 27048 | Lair:6   | Received a gift from Okawaru
 27179 | Lair:6   | Found a large runed translucent door.
 27231 | Lair:6   | Reached skill level 10 in Throwing
 27231 | Lair:6   | Reached skill level 10 in Armour
 27234 | Lair:6   | Received a gift from Okawaru
 27795 | Lair:6   | Found a large runed translucent door.
 27812 | Lair:6   | Reached XP level 15. HP: 42/117 MP: 23/29
 29326 | D:12     | Reached skill level 10 in Translocations
 29516 | D:12     | Received a gift from Okawaru
 29684 | D:12     | Identified the +7 war axe of Wumir {speed, rF+++}
 29945 | D:13     | Reached skill level 10 in Short Blades
 29945 | D:13     | Reached skill level 10 in Long Blades
 29945 | D:13     | Reached skill level 10 in Maces & Flails
 29945 | D:13     | Reached skill level 10 in Polearms
 29945 | D:13     | Reached skill level 10 in Staves
 29945 | D:13     | Reached skill level 10 in Slings
 29945 | D:13     | Reached skill level 10 in Bows
 29945 | D:13     | Reached skill level 10 in Crossbows
 29945 | D:13     | Reached skill level 10 in Stealth
 29945 | D:13     | Reached skill level 10 in Shields
 29945 | D:13     | Reached skill level 10 in Unarmed Combat
 29945 | D:13     | Reached skill level 10 in Evocations
 30451 | D:13     | Found a portal to a secret trove of treasure.
 30536 | D:13     | Found Mofaci Qepa's Blood Bar.
 30875 | D:14     | Received a gift from Okawaru
 31006 | D:14     | Found a hide-covered altar of Uskayaw.
 31827 | D:14     | Got a steaming chain mail
 31828 | D:14     | Identified the +7 chain mail of Incorporation {rC+ Int-5
                  | Dex+3} (You found it on level 14 of the Dungeon)
 32085 | D:14     | Got a faintly glowing ring mail
 32086 | D:14     | Identified the +4 ring mail of Heresy {rF+ rCorr Str-4}
                  | (You found it on level 14 of the Dungeon)
 32335 | D:14     | Found a gate to the Vaults.
 32351 | D:14     | Got a pair of twisted boots
 32362 | D:14     | Identified the +1 pair of boots "Safa" {rElec rC+} (You
                  | found it on level 14 of the Dungeon)
 32535 | D:15     | Entered Level 15 of the Dungeon
 32551 | D:15     | Reached XP level 16. HP: 125/125 MP: 31/31
 32747 | D:15     | Found a staircase to the Depths.
 33250 | D:15     | Received a gift from Okawaru
 33269 | D:15     | Got a fine crystal plate armour {god gift}
 33283 | D:15     | Identified the +0 crystal plate armour of Death's Door
                  | {rCorr Int+3 Stlth-} (Okawaru gifted it to you on level 15
                  | of the Dungeon)
 33714 | D:15     | Got a faintly humming leather armour
 33725 | D:15     | Identified the cursed +1 leather armour of the Dragon {rF+
                  | SInv} (You found it on level 15 of the Dungeon)
 34028 | D:15     | Identified a scroll of acquirement
 34028 | D:15     | Acquired the ring of Fait {+Fly rElec rN+++ MP+9 Int-5}
 34415 | Swamp:1  | Entered Level 1 of the Swamp
 35046 | Swamp:1  | Found a hazy altar of Hepliaklqana.
 35662 | Swamp:1  | Slain by a goliath frog

Illustrated notes

Levels and vault maps discovered:
D:1:      amcnicky_arrival_abandoned_market, layout_basic, bh_walls_and_bars
D:2:      layout_basic, nicolae_overflow_crystal_walls
D:3:      layout_loops_cross, chequers_ecumenical_altar_simple
D:4:      layout_basic, old_standard_altar, minmay_temple_entry_proselytizer,
          serial_shops, shop, chequers_serial_rivers_micro_a
D:5:      layout_basic, nicolae_gozag_cash_rules_everything_around_me
D:6:      layout_loops_corners, general_overflow_altar,
          gammafunk_temple_overflow_elements
D:7:      layout_cave_pools, minmay_guarded_unrand_finisher
D:8:      layout_rooms, david_lair_shrubbed, ebering_ghost_rock_garden,
          uniq_joseph
D:9:      layout_loops_ring
D:10:     layout_roguey, erik_orc_2, uniq_nergalle, uniq_maggie
D:11:     layout_roguey, chequers_serial_rivers_micro_e
D:12:     layout_gridville, lightli_wizard_tower
D:13:     layout_loops_ring, nicolae_trove_entry_free_sample,
          guppyfry_shop_blood
D:14:     hangedman_cross_cluster, layout_loops_ring, erik_vaults_2,
          minivault_14
D:15:     hangedman_depths_entry_try_elsewhere_first, layout_long_grid,
          grunt_decor_resistance
Temple:   minmay_temple_bridge_d
Lair:1:   layout_gridlike, st_stairs_11, patterned_corridor,
          serial_bayou_shore_a
Lair:2:   layout_gridlike, minmay_swamp_entry_swarm,
          nicolae_spider_entry_non_spiders, infiniplex_staircase_pool
Lair:3:   layout_chaotic_city
Lair:4:   layout_long_grid, beast_lair_carwin_3
Lair:5:   layout_cave_pods, serial_bayou, serial_bayou_pond_a,
          serial_bayou_lagoon_a, serial_bayou_pond_b, serial_bayou_pond_a,
          serial_bayou_pond_d, serial_bayou_pond_a,
          chequers_serial_rivers_large_a, serial_bayou_shore_b
Lair:6:   cheibrodos_lair_end_hotspot, layout_regular_city,
          nicolae_slime_entry_slimehenge
Swamp:1:  layout_basic_swamp, nicolae_swamp_feature_on_the_river_bank
Orc:1:    layout_caves, enter_volcano_1, nicolae_orc_lava_tube
Orc:2:    kennysheep_orc_mage_school, layout_caves, serial_shops, shop

Skill      XL: |  1  2  3  4  5  6  7  8  9 10 11 12 13 14 15 16 |
---------------+-------------------------------------------------+-----
Spellcasting   | 5 6 7 8 9 10 11 | 11.8
Invocations    | 1 2 3 4 5 6 7 8 9 10 11 | 11.7
Short Blades   | 1 2 3 5 6 7 8 9 10 | 10.8
Long Blades    | 1 2 3 5 6 7 8 9 10 | 10.8
Maces & Flails | 1 2 3 5 6 7 8 9 10 | 10.8
Polearms       | 1 2 3 5 6 7 8 9 10 | 10.8
Staves         | 1 2 3 5 6 7 8 9 10 | 10.8
Slings         | 1 2 3 5 6 7 8 9 10 | 10.8
Bows           | 1 2 3 5 6 7 8 9 10 | 10.8
Crossbows      | 1 2 3 5 6 7 8 9 10 | 10.8
Stealth        | 1 2 3 5 6 7 8 9 10 | 10.8
Shields        | 1 2 3 5 6 7 8 9 10 | 10.8
Unarmed Combat | 1 2 3 5 6 7 8 9 10 | 10.8
Evocations     | 1 2 3 5 6 7 8 9 10 | 10.8
Conjurations   | 1 2 3 4 5 6 7 8 9 |  9.2
Hexes          | 1 2 3 4 5 6 7 8 9 |  9.2
Summonings     | 1 2 3 4 5 6 7 8 9 |  9.2
Necromancy     | 1 2 3 4 5 6 7 8 9 |  9.2
Transmutations | 1 2 3 4 5 6 7 8 9 |  9.2
Fire Magic     | 1 2 3 4 5 6 7 8 9 |  9.2
Ice Magic      | 1 2 3 4 5 6 7 8 9 |  9.2
Air Magic      | 1 2 3 4 5 6 7 8 9 |  9.2
Earth Magic    | 1 2 3 4 5 6 7 8 9 |  9.2
Poison Magic   | 1 2 3 4 5 6 7 8 9 |  9.2
Throwing       | 3 4 5 6 7 8 9 10 11 | 11.1
Armour         | 3 4 5 6 7 8 9 10 11 | 11.1
Fighting       | 5 6 7 8 9 10 11 | 11.6
Axes           | 5 6 7 8 9 10 11 | 11.6
Dodging        | 5 6 7 8 9 10 11 | 11.6
Translocations | 6 7 8 9 10 | 10.6

Action                   |  1- 3 |  4- 6 |  7- 9 | 10-12 | 13-15 | 16-18 || total
-------------------------+-------+-------+-------+-------+-------+-------++-------
Melee: Hand axe          |   103 |   125 |   157 |       |       |       ||   385
       Bite              |     7 |     8 |    23 |    48 |   115 |    37 ||   238
       Punch             |       |     2 |     6 |     9 |    32 |    16 ||    65
       Headbutt          |       |    13 |    42 |    79 |   219 |    58 ||   411
       Scythe            |       |       |    49 |   332 |   579 |     9 ||   969
       Dagger            |       |       |       |     4 |       |       ||     4
       Broad axe         |       |       |       |   139 |   179 |    31 ||   349
       War axe           |       |       |       |       |   348 |   244 ||   592
Throw: Dart              |     3 |    11 |     9 |    13 |    14 |     1 ||    51
       Boomerang         |       |       |       |       |       |    21 ||    21
 Cast: Gell's Gravitas   |       |     9 |    11 |    18 |    17 |       ||    55
       Blink             |       |       |    10 |     5 |    28 |     1 ||    44
       Mephitic Cloud    |       |       |     4 |    29 |    26 |     4 ||    63
       Ignite Poison     |       |       |     4 |    27 |    48 |     8 ||    87
       Dazzling Flash    |       |       |     2 |       |     3 |       ||     5
       Olgreb's Toxic Ra |       |       |       |       |    25 |     3 ||    28
       Iskenderun's Myst |       |       |       |       |    10 |     1 ||    11
Invok: Heroism           |       |       |     1 |     4 |     1 |       ||     6
       Finesse           |       |       |       |     1 |       |       ||     1
Evoke: Wand              |       |       |     6 |     3 |     3 |     2 ||    14
       Lightning rod     |       |       |       |       |    10 |     1 ||    11
       Condenser vane    |       |       |       |       |     1 |     1 ||     2
  Use: Scroll            |     7 |     6 |     1 |     8 |    12 |     5 ||    39
       Potion            |       |     5 |     1 |    10 |     7 |       ||    23
 Stab: Sleeping          |     2 |     1 |     4 |     5 |    11 |       ||    23
       Confused          |       |       |     3 |     2 |     2 |       ||     7
       Invisible         |       |       |       |       |     3 |       ||     3
       Distracted        |       |       |       |       |       |     2 ||     2
Armor: Leather armour    |    20 |    11 |    33 |    50 |       |       ||   114
       Scale mail        |       |       |       |    91 |       |       ||    91
       Ring mail         |       |       |       |    10 |   405 |    81 ||   496
Dodge: Dodged            |    83 |   102 |   214 |   448 |  1286 |   256 ||  2389
